 Dungeon Crawl Stone Soup version 0.24-a0-539-g6aae15eeb0 (webtiles) character file.

Game seed: 17353699423127647391

7629 Peloso the Carver (level 10, 0/90 HPs)
             Began as a Minotaur Fighter on Aug 17, 2019.
             Was a High Priest of Okawaru.
             Slain by a wraith (4 damage)
             ... on level 10 of the Dungeon.
             The game lasted 00:23:16 (9174 turns).

Peloso the Carver (Minotaur Fighter)                Turns: 9174, Time: 00:23:21

Health: 0/90       AC: 23    Str: 22    XL:     10   Next: 98%
Magic:  9/9        EV:  7    Int:  5    God:    Okawaru [*****.]
Gold:   316        SH: 21    Dex: 17    Spells: 9/9 levels left

rFire    . . .     SeeInvis .   a - +1 scimitar (flame)
rCold    + . .     Gourm    .   C - +2 large shield {AC+3}
rNeg     + . .     Faith    .   b - +0 chain mail {rC+}
rPois    .         Spirit   .   (helmet restricted)
rElec    .         Reflect  .   I - +2 cloak
rCorr    .         Harm     .   K - +1 pair of gloves
MR       .....                  D - +2 pair of boots {Fly}
Stlth    ..........             (no amulet)
HPRegen  0.25/turn              F - +5 ring of dexterity
MPRegen  0.11/turn              k - ring of positive energy

@: flying, slowed, very slow
A: retaliatory headbutt, horns 2
a: Heroism, Finesse, Renounce Religion, Stop Flying


You were on level 10 of the Dungeon.
You worshipped Okawaru.
Okawaru was extremely pleased with you.
You were hungry.

You visited 2 branches of the dungeon, and saw 11 of its levels.
You also visited: Ossuary.

You collected 832 gold pieces.
You spent 516 gold pieces at shops.

Inventory:

Hand Weapons
 a - a +1 scimitar of flaming (weapon)
Armour
 b - a +0 chain mail of cold resistance (worn)
 c - a +0 shield
 C - a +2 large shield of protection (worn)
 D - a +2 pair of boots of flying (worn)
 I - a +2 cloak (worn)
 K - a +1 pair of gloves (worn)
Jewellery
 k - a ring of positive energy (right hand)
 F - a +5 ring of dexterity (left hand)
 G - a +5 ring of protection
Wands
 h - a wand of polymorph (9)
 l - a wand of iceblast (8)
 o - a wand of enslavement (10)
 q - a wand of disintegration (28)
Scrolls
 i - a scroll of fear
 j - 4 scrolls of fog
 n - a scroll of amnesia {unknown}
 t - a scroll of noise {unknown}
 u - a scroll of silence {unknown}
 v - a scroll of magic mapping {unknown}
 w - a scroll of teleportation {unknown}
 y - a scroll of holy word {unknown}
 z - a scroll of acquirement {unknown}
 E - a scroll of immolation {unknown}
 J - a scroll of random uselessness {unknown}
 L - a scroll of blinking {unknown}
 M - a scroll of identify
Potions
 d - a potion of haste
 e - a potion of mutation
 g - 2 potions of flight
 m - a potion of might
 p - a potion of curing
 r - 3 potions of berserk rage
 s - a potion of ambrosia
 x - 3 potions of agility
 A - a potion of degeneration {unknown}
 B - a potion of resistance {unknown}
Comestibles
 f - 16 rations


   Skills:
 + Level 8.7 Fighting
 + Level 11.8 Long Blades
 + Level 9.0 Armour
 + Level 3.6 Dodging
 + Level 1.1 Stealth
 + Level 11.4 Shields


You had 9 spell levels left.
You didn't know any spells.
Your spell library contained the following spells:

 Spells                   Type           Power        Failure   Level  Hunger
 Animate Skeleton         Necr           N/A          100%        1    ##.....
 Pain                     Necr           #...         100%        1    ##.....
 Sting                    Conj/Pois      #...         100%        1    ##.....
 Poisonous Vapours        Pois/Air       #.....       100%        2    ###....
 Mephitic Cloud           Conj/Pois/Air  #.......     100%        3    ####...
 Regeneration             Chrm/Necr      #.........   100%        3    ####...
 Vampiric Draining        Necr           #.........   100%        3    ####...
 Animate Dead             Necr           N/A          100%        4    #####..
 Olgreb's Toxic Radiance  Pois           #.......     100%        4    #####..
 Venom Bolt               Conj/Pois      #.........   100%        5    ######.


Dungeon Overview and Level Annotations

Branches:
Dungeon (10/15)            Temple (1/1) D:4             Orc (0/2) D:9
   Lair: D:8-11

Altars:
Ashenzari
Cheibriados
Dithmenos
Elyvilon
Fedhas
Gozag
Hepliaklqana
Kikubaaqudgha
Makhleb
Nemelex Xobeh
Okawaru
Qazlal
Ru
Sif Muna
Uskayaw
Vehumet
Wu Jian
Xom
Yredelemnul
Zin
The Shining One

Shops:
D:4 :   D:7 [

Annotations:
D:9 3 runed translucent doors, larifari's ghost, novice TeSu


Innate Abilities, Weirdness & Mutations

You reflexively headbutt those who attack you in melee.
You have a pair of horns on your head.


Message History

The wraith barely misses you. You furiously retaliate!
You headbutt the wraith!
You riposte.
You closely miss the wraith. You headbutt the wraith!
The wraith is almost destroyed.
The quasit bites you but does no damage.
The quasit closely misses you. You block the quasit's attack.
The wraith hits you but does no damage.
You feel better. You block the wraith's attack.
The quasit bites you but does no damage.
You block the quasit's attack.
The quasit claws you but does no damage.
The wraith hits you.
* * * LOW HITPOINT WARNING * * *
The wraith hits you but does no damage. The wraith closely misses you.
You furiously retaliate!
You headbutt the wraith.
You riposte.
You slice the wraith!! You burn the wraith. You headbutt the wraith.
You destroy the wraith!
Okawaru accepts your kill.
Your Armour skill increases to level 9!
The crimson imp blinks!
The wraith hits you.
You die...

#... .. #... #...# #T..
#...# #... #...# ####...
#...######
......t########.........
.......)................
.......W5h...........<..
.....5W@(ยง..............
......W........)........
........................
........................
........................
....................(...
########################


You could see a troll, 3 wraiths, a crocodile, a black bear, a quasit and a
crimson imp.

Vanquished Creatures
  Josephine (D:10)
  Erica (D:8)
  Pikel (D:6)
  Prince Ribbit (D:7)
  A spriggan (D:8)
  A wraith (D:10)
  Menkaure (D:5)
  Edmund (D:6)
  Duvessa (D:7)
  A water moccasin (D:9)
  5 sky beasts
  A slave (D:6)
  5 orc warriors
  2 ice beasts
  5 ogres
  2 phantoms
  5 centaurs
  2 elf zombies
  2 bullfrogs
  Dowan (D:7)
  2 elf skeletons (D:4)
  4 scorpions
  6 killer bees
  9 wights
  A crimson imp (D:5)
  A centaur zombie (Ossuary)
  A quasit (D:8)
  8 orc wizards
  2 centaur skeletons
  3 orc priests
  6 hounds
  6 bullfrog skeletons
  A human zombie (D:4)
  A human skeleton (D:4)
  2 iguanas
  6 worker ants
  Ijyb (D:4)
  2 big kobold zombies (Ossuary)
  2 mummies (Ossuary)
  A howler monkey zombie (D:8)
  4 gnolls (D:5)
  11 adders
  2 shadow imps
  3 adder skeletons
  5 worms
  3 dart slugs
  A leopard gecko (D:1)
  48 orcs
  3 ball pythons
  4 giant cockroaches
  5 goblins
  7 hobgoblins
  14 jackals
  2 quokkas
  A ball python skeleton (D:4)
  8 bats
  10 frilled lizards
  3 gnoll zombies (Ossuary)
  4 goblin zombies (Ossuary)
  A hobgoblin zombie (Ossuary)
  A jackal skeleton (D:5)
  6 kobolds
  A leopard gecko skeleton (D:7)
  An orc skeleton (D:4)
  2 orc zombies (Ossuary)
  3 rats
258 creatures vanquished.

Vanquished Creatures (others)
  A slave (D:6)
  A hound (D:6)
  A giant cockroach (D:6)
3 creatures vanquished.

Grand Total: 261 creatures vanquished

Notes
Turn   | Place    | Note
-------+----------+-------------------------------------------
     0 | D:1      | Peloso the Minotaur Fighter began the quest for the Orb.
     0 | D:1      | Reached XP level 1. HP: 19/19 MP: 0/0
   142 | D:1      | Reached XP level 2. HP: 26/27 MP: 1/1
   614 | D:1      | Reached XP level 3. HP: 33/33 MP: 2/2
   777 | D:2      | Found a blossoming altar of Fedhas.
   809 | D:2      | Noticed an air elemental
   811 | D:2      | Found a stormy altar of Qazlal.
   813 | D:2      | Noticed an earth elemental
   814 | D:2      | Noticed a fire elemental
   814 | D:2      | Noticed a water elemental
   820 | D:2      | Found a glowing silver altar of Zin.
   837 | D:2      | Reached XP level 4. HP: 31/41 MP: 3/3
  1019 | D:2      | Found a faded altar of an unknown god.
  1169 | D:2      | Found a radiant altar of Vehumet.
  1502 | D:3      | Reached XP level 5. HP: 35/47 MP: 4/4
  1509 | D:3      | Reached skill level 1 in Dodging
  1575 | D:3      | Found a shadowy altar of Dithmenos.
  1902 | D:4      | Noticed an ogre
  1912 | D:4      | Killed an ogre
  1912 | D:4      | Reached skill level 5 in Shields
  1912 | D:4      | Reached XP level 6. HP: 30/53 MP: 5/5
  2043 | D:4      | Reached skill level 5 in Long Blades
  2072 | D:4      | Reached skill level 5 in Armour
  2077 | D:4      | Found a sand-covered staircase.
  2087 | D:4      | Reached skill level 5 in Fighting
  2091 | Ossuary  | Entered an ossuary
  2136 | Ossuary  | Reached XP level 7. HP: 61/61 MP: 6/6
  2469 | D:4      | Found a staircase to the Ecumenical Temple.
  2665 | Temple   | Entered the Ecumenical Temple
  2838 | Temple   | Became a worshipper of Warmaster Okawaru
  3015 | D:4      | Found Efosinwu's Book Boutique.
  3016 | D:4      | Noticed Ijyb
  3023 | D:4      | Killed Ijyb
  3522 | D:5      | Entered Level 5 of the Dungeon
  3522 | D:5      | Noticed Menkaure
  3530 | D:5      | Killed Menkaure
  3557 | D:5      | Reached XP level 8. HP: 57/69 MP: 7/7
  3568 | D:5      | Reached * piety under Okawaru
  5000 | D:6      | Noticed Pikel
  5026 | D:6      | Killed Pikel
  5026 | D:6      | Reached XP level 9. HP: 49/78 MP: 8/8
  5030 | D:6      | Reached ** piety under Okawaru
  5080 | D:6      | Noticed Edmund
  5203 | D:6      | Killed Edmund
  5414 | D:6      | Found an iron altar of Okawaru.
  5764 | D:7      | Noticed Duvessa
  5767 | D:7      | Noticed Dowan
  5776 | D:7      | Killed Duvessa
  5776 | D:7      | Reached skill level 1 in Stealth
  5793 | D:7      | Killed Dowan
  6032 | D:7      | Found Kenekh's Armour Shoppe.
  6061 | D:7      | Bought a +2 large shield of protection for 258 gold pieces
  6076 | D:7      | Bought a +2 pair of boots of flying for 258 gold pieces
  6104 | D:7      | Found a hazy altar of Hepliaklqana.
  6548 | D:6      | Reached skill level 10 in Long Blades
  6559 | D:6      | Reached *** piety under Okawaru
  6617 | D:7      | Found an opulent altar of Gozag.
  7165 | D:7      | Noticed Prince Ribbit
  7183 | D:7      | Killed Prince Ribbit
  7183 | D:7      | Reached XP level 10. HP: 48/86 MP: 9/9
  7223 | D:7      | Found a shadowy altar of Dithmenos.
  7464 | D:8      | Reached **** piety under Okawaru
  7628 | D:8      | Noticed Erica
  7650 | D:8      | Killed Erica
  7650 | D:8      | Reached skill level 10 in Shields
  8468 | D:9      | Found a staircase to the Orcish Mines.
  8492 | D:9      | Reached ***** piety under Okawaru
  8850 | D:9      | Noticed larifari's ghost (novice TeSu)
  8872 | D:9      | Found a runed translucent gate.
  8872 | D:9      | Found a runed translucent gate.
  8872 | D:9      | Found a runed translucent gate.
  8966 | D:9      | Found an ancient bone altar of Kikubaaqudgha.
  9124 | D:10     | Entered Level 10 of the Dungeon
  9153 | D:10     | Noticed Josephine
  9164 | D:10     | Killed Josephine
  9164 | D:10     | Received a gift from Okawaru
  9172 | D:10     | HP: 4/90 [wraith[Josephine] (6)]
  9174 | D:10     | Slain by a wraith

Levels and vault maps discovered:
D:1:      eino_arrival_water_star, layout_basic
D:2:      layout_rooms, zin_academy, nicolae_qazlal_style_of_elements,
          lemuel_crystal_altar, marbit_many_paths,
          chequers_ecumenical_altar_grove
D:3:      layout_rooms, lemuel_statue_altar
D:4:      layout_basic, minmay_temple_entry_proselytizer, first_ration,
          nicolae_ossuary_entry_catacombs, serial_shops, shop, minmay_vboxes,
          uniq_ijyb
D:5:      layout_loops_corners, hangedman_decor_riveting, uniq_menkaure
D:6:      layout_rooms, okawaru_ov_weapons_minmay, uniq_edmund, uniq_pikel
D:7:      layout_cave_pools, lemuel_crystal_altar, lemuel_crystal_altar,
          serial_shops, nicolae_shop_statue_plus, grunt_gozag_statues,
          uniq_duvessa, uniq_prince_ribbit1
D:8:      layout_cave_pools, the_bakery, uniq_erica
D:9:      layout_roguey, kennysheep_mini_moat, hiddenorc2_lemuel,
          gammafunk_ghost_icy
D:10:     layout_long_grid, uniq_josephine
Temple:   regret_index_temple_generic_petals

Skill      XL: |  1  2  3  4  5  6  7  8  9 10 |
---------------+-------------------------------+-----
Armour         | 4 5 6 8 9 |  9.0
Fighting       | 4 5 6 7 8 |  8.7
Long Blades    | 3 4 5 7 9 10 11 | 11.8
Shields        | 4 5 6 7 9 11 | 11.4
Dodging        | 1 2 3 |  3.6
Stealth        | 1 |  1.1

Action                   |  1- 3 |  4- 6 |  7- 9 | 10-12 || total
-------------------------+-------+-------+-------+-------++-------
Melee: Long sword        |   101 |   192 |   436 |    58 ||   787
       Headbutt          |    14 |    33 |   111 |    71 ||   229
       Scimitar          |       |       |       |   186 ||   186
Evoke: Wand              |       |       |     2 |       ||     2
  Use: Potion            |       |     5 |     1 |     5 ||    11
       Scroll            |       |     4 |     6 |     2 ||    12
 Stab: Distracted        |       |       |     1 |       ||     1
  Eat: Chunk             |       |     5 |    12 |     7 ||    24
       Ration            |       |       |     1 |       ||     1
Armor: Scale mail        |    56 |    23 |       |       ||    79
       Chain mail        |       |    86 |   292 |   108 ||   486
Dodge: Dodged            |    40 |    51 |   125 |    58 ||   274
Block: Shield            |    72 |   104 |   157 |       ||   333
       Large shield      |       |       |   259 |   265 ||   524
       Rpst.: Long sword |    10 |    10 |    36 |     2 ||    58
       Scimitar          |       |       |       |     9 ||     9

Table legend:
 A = Non-vault XP
 B = Vault XP
 C = Vault XP percentage of total XP
 D = Non-vault monster count
 E = Vault monster count
 F = Vault count percentage of total count
                 A         B        C        D         E       F
            +---------+---------+-------+---------+---------+-------
      Total |    5775 |    5124 |  47.0 |     187 |      70 |  27.2
            +---------+---------+-------+---------+---------+-------
        D:1 |      51 |       0 |   0.0 |      27 |       0 |   0.0
        D:2 |     100 |       0 |   0.0 |      25 |       0 |   0.0
        D:3 |      86 |       0 |   0.0 |      23 |       0 |   0.0
        D:4 |     249 |     491 |  66.4 |       9 |      12 |  57.1
        D:5 |     725 |     172 |  19.2 |      19 |       1 |   5.0
        D:6 |    1444 |     809 |  35.9 |      27 |       2 |   6.9
        D:7 |     845 |     504 |  37.4 |      18 |       3 |  14.3
        D:8 |     887 |    1149 |  56.4 |      17 |       2 |  10.5
        D:9 |    1028 |     521 |  33.6 |      19 |      32 |  62.7
       D:10 |     360 |    1243 |  77.5 |       3 |       2 |  40.0
    Ossuary |       0 |     235 | 100.0 |       0 |      16 | 100.0
            +---------+---------+-------+---------+---------+-------
